 Dungeon Crawl Stone Soup version 0.17.0-28-g6e173f8 (webtiles) character file.

18 Ithica the Grave Robber (level 2, 0/19 HPs)
             Began as a Demonspawn Necromancer on Nov 24, 2015.
             Slain by an adder (4 damage)
             ... on level 1 of the Dungeon.
             The game lasted 00:03:50 (1474 turns).

Ithica the Grave Robber (Demonspawn Necromancer)    Turns: 1474, Time: 00:03:50

Health: 0/19       AC:  2    Str:  8    XL:     2   Next: 51%
Magic:  0/5        EV: 12    Int: 16    God:
Gold:   44         SH:  0    Dex: 13    Spells: 2 memorised, 3 levels left

rFire  . . .     SeeInvis .     h - +0 club
rCold  . . .     Clarity  .     a - +0 robe
rNeg   . . .     SustAt   .     (no shield)
rPois  .         Gourm    .     (helmet restricted)
rElec  .         Spirit   .     (no cloak)
rCorr  .         Warding  .     (no gloves)
rMut   .         Stasis   .     (no boots)
MR     .....                    (no amulet)
Stlth  ++........               (no ring)
                                (no ring)

@: lethally poisoned (0 -> -2), very slightly contaminated, not resistant to
hostile enchantments, unstealthy
A: antennae 1
a: no special abilities


You were on level 1 of the Dungeon.
You were near starving.

You visited 1 branch of the dungeon, and saw 2 of its levels.

You collected 44 gold pieces.

Inventory:

Hand Weapons
 h - a +0 club (weapon)
Armour
 a - a +0 robe (worn)
Scrolls
 d - 3 scrolls of identify {unknown}
 e - 2 scrolls of remove curse {unknown}
 k - a scroll of enchant weapon {unknown}
 n - a scroll of fog {unknown}
Potions
 i - 2 potions of invisibility {unknown}
 j - a potion of brilliance {unknown}
 l - a potion of flight {unknown}
 p - a potion of heal wounds {unknown}
Books
 b - a book of Necromancy

   Spells                             Type                      Level
   a - Pain                           Necromancy                   1
   b - Animate Skeleton               Necromancy                   1
   c - Vampiric Draining              Necromancy                   3
   d - Regeneration                   Charms/Necromancy            3
   e - Animate Dead                   Necromancy                   4
   f - Control Undead                 Necromancy                   4
Comestibles
 c - a bread ration
 f - a slice of pizza
 g - a meat ration
 m - a beef jerky
 o - 5 fruits


   Skills:
 + Level 1.7 Dodging
 + Level 1.8 Stealth
 + Level 2.4 Spellcasting
 + Level 4.8 Necromancy


You had 3 spell levels left.
You knew the following spells:

 Your Spells              Type           Power        Failure   Level  Hunger
a - Pain                  Necr           ###.         3%          1    #......
b - Animate Skeleton      Necr           N/A          3%          1    #......


Dungeon Overview and Level Annotations

Branches:
Dungeon (2/15)

Altars:


Innate Abilities, Weirdness & Mutations

You have a pair of small antennae on your head.


Message History

Casting: Pain
Confirm with . or Enter, or press ? or * to list all spells.
Aiming: Pain
Press: ? - help, Shift-Dir - straight line, f/p - adder
Aim: an adder (moderately wounded, chance to defeat MR: 82%)
The adder convulses in agony!
The adder barely misses you. The adder bites you.
You are poisoned.
The adder poisons you!
You see here a kobold corpse.
You feel sick. The adder bites you.
You feel sick.
Casting: Pain
Confirm with . or Enter, or press ? or * to list all spells.
Aiming: Pain
Press: ? - help, Shift-Dir - straight line, f/p - adder
Aim: an adder (heavily wounded, chance to defeat MR: 82%)
The adder barely resists.
The adder bites you.
You die...

####.#..####...# #Z##...{.#
#.#..#####..# #.######.#
#.#.........# #.# #.#
#.#.#######.#####.# #.#
#.........).......# #.#
###.#######.####### #.# #.#
#.#..# #.#
######'#####.##.###########.#
................@S..†>......#
####......##.###.####.#######
#......##.# #.# #.#
#......##.# #.# #.#
#......##.# #.## #.#
#......##.# #..# #.#
#......##.# ##.# #.#
#......##.# #.# #.#
###.#####.# #.# #.#


You could see an adder.

Vanquished Creatures
  2 bats (D:1)
  A giant cockroach (D:1)
  2 hobgoblins (D:1)
  2 giant newts (D:1)
  5 goblins (D:1)
  5 kobolds (D:1)
  3 rats (D:1)
20 creatures vanquished.

Notes
Turn   | Place    | Note
--------------------------------------------------------------
     0 | D:1      | Ithica the Demonspawn Necromancer began the quest for the Orb.
     0 | D:1      | Reached XP level 1. HP: 13/13 MP: 3/3
   358 | D:1      | Learned a level 1 spell: Animate Skeleton
   713 | D:1      | Gained mutation: You have a pair of small antennae on your head. [demonic ancestry]
   713 | D:1      | Reached XP level 2. HP: 14/19 MP: 3/5
  1474 | D:1      | Slain by an adder

Action                   || total
-------------------------++-------
Melee: Unarmed           ||     8
       Club              ||     7
 Cast: Pain              ||    30
       Animate Skeleton  ||     2
